 Dungeon Crawl Stone Soup version 0.31-a0-1074-g0b22e4e0f1 (webtiles) character file.

Game seed: 14482338526408409760

1483 tbh1313 the Cleaver (level 8, -13/96 HPs)
             Began as a Minotaur Berserker on Dec 1, 2023.
             Was a Priest of Trog.
             Mangled by a boulder beetle (20 damage)
             ... on level 6 of the Dungeon.
             The game lasted 00:09:40 (5213 turns).

tbh1313 the Cleaver (Minotaur Berserker)            Turns: 5213, Time: 00:09:40

Health: -13/96     AC:  6    Str: 22    XL:     8   Next: 50%
Magic:  7/7        EV: 12    Int:  6    God:    Trog [***...]
Gold:   343        SH:  0    Dex: 10    Spells: 7/7 levels left

rFire   + + .        a - +1 hand axe
rCold   . . .        (no shield)
rNeg    . . .        p - +1 robe {rF+}
rPois   +            (helmet restricted)
rElec   .            (no cloak)
rCorr   .            r - +2 pair of gloves
SInv    .            (no boots)
Will    .....        (no amulet) Stlth
                     d - ring of poison resistance
HPRegen 0.36/turn    x - ring of protection from fire
MPRegen 0.10/turn

%: no passive effects
@: berserking (expiring), studying Dodging, very quick
A: horns 2, retaliatory headbutt
a: Renounce Religion, Berserk, Trog's Hand


You were on level 6 of the Dungeon.
You worshipped Trog.
Trog was most pleased with you.
You visited 1 branch of the dungeon, and saw 6 of its levels.

You collected 343 gold pieces.

Inventory:

Hand Weapons
 a - a +1 hand axe (weapon)
 b - a +0 sling
 s - a +0 battleaxe
Armour
 j - a +0 chain mail
 p - a +1 robe of fire resistance (worn)
 r - a +2 pair of gloves (worn)
Jewellery
 d - a ring of poison resistance (left hand)
 x - a ring of protection from fire (right hand)
Wands
 e - a wand of charming (9)
 o - a wand of flame (21)
Scrolls
 k - 2 scrolls of enchant weapon
 l - a scroll of teleportation
 n - a scroll of identify
 y - a scroll of enchant armour {unknown}
 B - a scroll of silence {unknown}
Potions
 c - a potion of enlightenment
 f - a potion of cancellation {unknown}
 g - a potion of degeneration {unknown}
 h - a potion of attraction {unknown}
 i - a potion of haste {unknown}
 q - 2 potions of brilliance {unknown}
 t - a potion of ambrosia {unknown}
 u - a potion of invisibility {unknown}
 v - a potion of mutation {unknown}
 w - a potion of lignification {unknown}
 z - 3 potions of curing {unknown}
 A - a potion of resistance {unknown}


   Skills:
 - Level 3.6 Fighting
 * Level 12.9 Axes
 - Level 2.4 Armour
 + Level 3.0 Dodging


You had 7 spell levels left.
You didn't know any spells.
Your spell library contained the following spells:

 Spells                   Type           Power      Damage    Failure   Level
 Ensorcelled Hibernation  Hex/Ice        0%         N/A       58%         2
 Passwall                 Tmut/Erth      0%         N/A       58%         2
 Dazzling Flash           Conj/Hex       0%         N/A       83%         3
 Swiftness                Air            0%         N/A       83%         3
 Agony                    Necr           0%         N/A       100%        5
 Silence                  Hex/Air        0%         N/A       100%        5


Dungeon Overview and Level Annotations

Branches:
Dungeon (6/15)
 Temple: D:4-7

Altars:
Cheibriados
Fedhas
Gozag
Xom
The Shining One

Shops:
D:6 =


Innate Abilities, Weirdness & Mutations

You have a pair of horns on your head.
You reflexively headbutt those who attack you in melee.


Message History

The boulder beetle bites you!
There is an open door, spattered with blood here.
You are too injured to fight recklessly!
You are too injured to fight recklessly!
You are too injured to fight recklessly!
You are too injured to fight recklessly!
You are too injured to fight recklessly!
You are too injured to fight recklessly!
You are too injured to fight recklessly!
You are too injured to fight recklessly!
You are too injured to fight recklessly!
You are too injured to fight recklessly!
You are too injured to fight recklessly!
You are too injured to fight recklessly!
You are too injured to fight recklessly!
You hit the boulder beetle but do no damage.
The boulder beetle bites you!!
A red film seems to cover your vision as you go berserk!
You feel yourself moving faster!
You feel mighty! The boulder beetle bites you!!
* * * LOW HITPOINT WARNING * * *
You hit the boulder beetle but do no damage.
Your headbutt misses the boulder beetle.
You barely miss the boulder beetle. The boulder beetle bites you!!
* * * LOW HITPOINT WARNING * * *
You are too berserk!
You hit the boulder beetle but do no damage.
You slash the boulder beetle!
The boulder beetle is lightly wounded.
You hit the boulder beetle but do no damage.
The boulder beetle is lightly wounded.
The boulder beetle bites you.
* * * LOW HITPOINT WARNING * * *
You feel a strong urge to attack something.
The door flies open with a bang!
A shadow imp comes into view.
You feel your anger nearly subside.
The boulder beetle attacks as it pursues you!
The boulder beetle bites you!!
You die...

###############
#.............#
###.#######....[######
######...##...##.....##...##
..##.>.###.....#.....#..(..#
.∩......##....5'@.8..'..)..#
.........#.....#B....#.....#
.........##... #.....##...##
.........#### ###'########
........#########...#
..#....##..)...#.....#
###.####..######.....#
###......## #.....#
.....##### ##)!$##


You could see a boulder beetle and a shadow imp.

Levels and vault maps discovered:
D:1:      mainiacjoe_arrival_oval_in_oval, layout_basic,
          minmay_misc_feat_encased
D:2:      layout_basic
D:3:      layout_basic, serial_aquarium, aquarium_bridge_square
          [aquarium_subvault_window, aquarium_subvault_wall,
          aquarium_subvault_window, aquarium_subvault_bridge],
          aquarium_window_1, aquarium_window_corner, aquarium_window_1,
          aquarium_view_2c, aquarium_view_2d, aquarium_pool_four,
          hellmonk_ecumenical_altar_arch_garden, uniq_natasha, uniq_ijyb
D:4:      layout_rooms, minitemple, minmay_misc_feat_five
D:5:      layout_basic, kennysheep_little_box, hangedman_glass_teeth
D:6:      layout_rooms, minmay_temple_entry_proselytizer, serial_shops, shop,
          minmay_three_doors

Notes
Turn   | Place    | Note
-------+----------+-------------------------------------------
     0 | D:1      | tbh1313 the Minotaur Berserker began the quest for the Orb.
     0 | D:1      | Reached XP level 1. HP: 19/19 MP: 0/0
   233 | D:1      | Reached skill level 4 in Axes
   791 | D:1      | Reached XP level 2. HP: 17/26 MP: 1/1
  1677 | D:3      | Reached skill level 5 in Axes
  1677 | D:3      | Reached XP level 3. HP: 29/31 MP: 2/2
  1976 | D:3      | Reached ** piety under Trog
  1994 | D:3      | Found a faded altar of an unknown god.
  1994 | D:3      | Noticed Natasha
  2003 | D:3      | Killed Natasha
  2004 | D:3      | Reached skill level 6 in Axes
  2004 | D:3      | Reached XP level 4. HP: 38/39 MP: 3/3
  2041 | D:3      | Noticed an ice beast
  2049 | D:3      | Killed an ice beast
  2050 | D:3      | Reached skill level 7 in Axes
  2050 | D:3      | Reached XP level 5. HP: 45/45 MP: 4/4
  2305 | D:3      | Noticed Ijyb
  2319 | D:3      | Killed Ijyb
  2470 | D:3      | Reached skill level 8 in Axes
  2755 | D:3      | Noticed Natasha
  2762 | D:3      | Killed Natasha
  2763 | D:3      | Reached XP level 6. HP: 46/51 MP: 5/5
  2974 | D:4      | Reached skill level 9 in Axes
  3296 | D:4      | Found an opulent altar of Gozag.
  3299 | D:4      | Found a blossoming altar of Fedhas.
  3303 | D:4      | Found a shimmering altar of Xom.
  3304 | D:4      | Found a glowing golden altar of the Shining One.
  3425 | D:4      | Reached XP level 7. HP: 57/57 MP: 6/6
  3556 | D:5      | Entered Level 5 of the Dungeon
  3660 | D:5      | Reached skill level 10 in Axes
  3756 | D:5      | Found a snail-covered altar of Cheibriados.
  3927 | D:5      | Reached *** piety under Trog
  4058 | D:5      | Reached skill level 11 in Axes
  4232 | D:5      | Identified the +11 short sword of the Saviour {elec, Str+2}
  4546 | D:6      | Reached XP level 8. HP: 64/64 MP: 7/7
  4749 | D:6      | Found Hycuats's Jewellery Boutique.
  4756 | D:6      | Reached skill level 12 in Axes
  4986 | D:6      | Identified a scroll of acquirement
  4986 | D:6      | Acquired a manual of Dodging
  5200 | D:6      | Noticed a boulder beetle
  5206 | D:6      | HP: 7/96 [boulder beetle (20)]
  5213 | D:6      | Mangled by a boulder beetle

Table legend: (Time is in decaauts)
 A = Elapsed time spent in this place.
 B = Non-inter-level travel time spent in this place.
 C = Inter-level travel time spent in this place.
 D = Time resting spent in this place.
 E = Time spent auto-exploring this place.
 F = Levels seen in this place.
 G = Mean time per level.
                   A        B        C        D        E       F      G
               +--------+--------+--------+--------+--------+-----+--------+
         Total |   5198 |   4971 |    227 |    720 |   3526 |   6 |  866.3 |
       Dungeon |   5198 |   4971 |    227 |    720 |   3526 |   6 |  866.3 |
               +--------+--------+--------+--------+--------+-----+--------+

Top non-repeatable levels by time:
     D:3: 1208 daAuts
     D:5: 1030 daAuts
     D:1: 964 daAuts
     D:2: 710 daAuts
     D:4: 677 daAuts
     D:6: 608 daAuts

Table legend:
 A = Kills in this place as a percentage of kills in the entire game.
 B = Kills by you in this place as a percentage of kills by you in the entire game.
 C = Kills by friends in this place as a percentage of kills by friends in the entire game.
 D = Other kills in this place as a percentage of other kills in the entire game.
 E = Experience gained in this place as a percentage of experience gained in the entire game.
 F = Experience gained in this place divided by the number of levels of this place that you have seen.
                   A       B       C       D       E      F
               +-------+-------+-------+-------+-------+----------------------
         Total | 100.0 | 100.0 |   N/A |   N/A | 100.0 | 353.2
       Dungeon | 100.0 | 100.0 |   N/A |   N/A | 100.0 | 353.2
               +-------+-------+-------+-------+-------+----------------------

Action                     |  1- 3 |  4- 6 |  7- 9 || total
---------------------------+-------+-------+-------++-------
  Melee: Hand axe          |    77 |   116 |   140 ||   333
         Headbutt          |     6 |    12 |    25 ||    43
         Punch             |     1 |       |     1 ||     2
 Invoke: Trog's Hand       |     1 |       |       ||     1
         Berserk           |       |     1 |     3 ||     4
    Use: Scroll            |     3 |       |     7 ||    10
 Armour: Animal skin       |    30 |       |       ||    30
         Chain mail        |    17 |    35 |       ||    52
         Robe              |       |    36 |    89 ||   125
  Dodge: Dodged            |    42 |    55 |    67 ||   164

Vanquished Creatures
  A sky beast (D:6)
  An ice beast (D:3)
  An ogre (D:5)
  A centaur (D:6)
  A phantom (D:4)
  4 scorpions
  3 wights (D:6)
  3 hounds
  5 orc priests
  An iguana (D:5)
  Ijyb (D:3)
  Natasha (twice) (D:3)
  4 orc wizards
  3 gnolls (D:6)
  10 adders
  2 white imps (D:5)
  2 ufetubi (D:4)
  5 dart slugs
  19 orcs
  5 endoplasms
  3 giant cockroaches
  4 goblins
  3 hobgoblins
  6 jackals
  6 ball pythons
  4 bats (D:2)
  2 frilled lizards (D:2)
  10 kobolds
  3 rats
115 creatures vanquished.
